 Seeded DCSS version 0.30.0-13-g156ef70053 (webtiles) character file.

Game seed: 9209234192005137530 (custom seed)

5510 GigaChad the Cleaver (level 11, -1/84 HPs)
             Began as a Formicid Fighter on May 17, 2023.
             Was a Priest of the Shining One.
             Slain by a cane toad (8 damage)
             ... on level 1 of the Lair of Beasts.
             The game lasted 00:09:21 (7590 turns).

GigaChad the Cleaver (Formicid Fighter)             Turns: 7590, Time: 00:09:21

Health: -1/84      AC: 13    Str: 31    XL:     11   Next: 1%
Magic:  11/11      EV:  8    Int:  8    God:    the Shining One [***...]
Gold:   390        SH:  7    Dex: 19    Spells: 10/10 levels left

rFire   . . .        h - +0 battleaxe (heavy)
rCold   . . .        c - +0 buckler
rNeg    + . .        e - +0 plate armour
rPois   .            (helmet unavailable)
rElec   .            (no cloak)
rCorr   .            (no gloves)
SInv    +            (no boots)
Will    +....        (no amulet) Stlth
                     K - +6 ring of strength
HPRegen 0.34/turn    y - +6 ring of dexterity
MPRegen 0.12/turn

%: no passive effects
@: glowing
A: permanent stasis, dig shafts and tunnels, antennae 3, four strong arms
a: Dig, Shaft Self, Renounce Religion, Divine Shield, Cleansing Flame


You were on level 1 of the Lair of Beasts.
You worshipped the Shining One.
The Shining One was most pleased with you.
You visited 2 branches of the dungeon, and saw 9 of its levels.
You also visited: Ossuary.

You collected 390 gold pieces.

Inventory:

Hand Weapons
 a - a +0 war axe
 h - a +0 heavy battleaxe (weapon)
Missiles
 s - a throwing net
Armour
 b - a +0 scale mail
 c - a +0 buckler (worn)
 e - a +0 plate armour (worn)
 G - the +3 scale mail of Ozatoge {Str+3 Int+3}
   (You found it on level 5 of the Dungeon)

   Str:       It affects your strength (+3).
   Int:       It affects your intelligence (+3).
 H - a +0 cloak
 P - the +5 robe of Misfortune {Harm *Corrode *Slow EV+5}
   (You found it on level 8 of the Dungeon)

   EV:        It affects your evasion (+5).
   *Corrode:  It may corrode you when you take damage.
   *Slow:     It may slow you when you take damage.
   Harm:      It increases damage dealt and taken.
Jewellery
 q - a ring of protection from cold
 y - a +6 ring of dexterity (right hand)
 A - an amulet of magic regeneration
 J - a ring of poison resistance
 K - a +6 ring of strength (left hand)
 S - a +5 ring of evasion
Wands
 u - a wand of iceblast (16)
 R - a wand of charming (5)
Scrolls
 g - a scroll of brand weapon {unknown}
 k - 3 scrolls of fog
 m - 2 scrolls of poison {unknown}
 n - 4 scrolls of teleportation
 p - a scroll of summoning {unknown}
 t - 2 scrolls of blinking {unknown}
 v - a scroll of enchant weapon {unknown}
 w - a scroll of torment {unknown}
 C - 4 scrolls of noise {unknown}
 D - 3 scrolls of identify
 E - 3 scrolls of fear {unknown}
 M - 3 scrolls of amnesia {unknown}
 N - 3 scrolls of magic mapping {unknown}
 O - a scroll of silence {unknown}
 Q - a scroll of vulnerability {unknown}
Potions
 d - 4 potions of might
 f - a potion of lignification {unknown}
 i - 4 potions of degeneration {unknown}
 j - 6 potions of curing
 l - 5 potions of brilliance
 o - 4 potions of heal wounds {unknown}
 r - 2 potions of cancellation {unknown}
 x - 2 potions of invisibility {unknown}
 z - 2 potions of flight {unknown}
 B - 2 potions of haste {unknown}
 F - a potion of resistance {unknown}
 I - a potion of attraction {unknown}
 L - a potion of experience {unknown}


   Skills:
 * Level 7.3 Fighting
 * Level 11.7 Axes
 * Level 8.2 Armour
 * Level 8.1 Shields


You had 10 spell levels left.
You didn't know any spells.
Your spell library was empty.

Dungeon Overview and Level Annotations

Branches:
Dungeon (8/15)             Temple (0/1) D:6            Lair (1/5) D:8
Ossuary (visited)

Altars:
Fedhas
Makhleb
Yredelemnul
The Shining One

Shops:
D:5 ?   D:7 *

Annotations:
D:3 2 transporters
D:5 2 transporters, pdpol's ghost, novice MiFi


Innate Abilities, Weirdness & Mutations

You cannot be hasted, slowed, berserked, paralysed or teleported.
You can dig through walls and to a lower floor.
You have a pair of large antennae on your head. (SInv)
Your four strong arms can wield two-handed weapons with a shield.


Message History

You are poisoned.
The cane toad poisons you! The basilisk gazes at you.
You easily resist.
A yak comes into view.
The cane toad stings you!
Unknown command.
You are too injured to fight recklessly!
You are too injured to fight recklessly!
You are too injured to fight recklessly!
Unknown command.
You feel better. You block the cane toad's attack.
You slash the cane toad!
The cane toad is moderately wounded.
You block the cane toad's attack. The cane toad stings you!
Unknown command.
Unknown command.
You are too injured to fight recklessly!
Unknown command.
You are too injured to fight recklessly!
Unknown command.
Unknown command.
You are too injured to fight recklessly!
The cane toad stings you but does no damage.
The cane toad closely misses you.
You see here a wolf corpse.
Unknown command.
You barely miss the cane toad.
The cane toad is moderately wounded.
You slash the basilisk! The cane toad stings you!!
* * * LOW HITPOINT WARNING * * *
The basilisk bites you.
* * * LOW HITPOINT WARNING * * *
You block the cane toad's attack.
You barely miss the cane toad.
The cane toad is moderately wounded.
You slice the basilisk!!
You kill the basilisk!
The cane toad stings you!
You die...

##...............#
#................#
##...............#
##..............#
#..............#
##..........####
#......#####
####..P#..†##
###...######@F#
###...###
###kY....
###...###


YY..... ....### { ..... .#### ..... .# .... ## .... You could see a yak, a cane
toad and a rime drake.

Vanquished Creatures
  A two-headed ogre (D:8)
  2 rime drakes (Lair:1)
  A komodo dragon (Lair:1)
  4 wyverns
  Eustachio (D:5)
  A basilisk (Lair:1)
  A steam dragon (D:7)
  3 water moccasins
  A sky beast (D:6)
  3 ice beasts
  An orc warrior (D:8)
  3 black bears
  9 wolves (Lair:1)
  2 centaurs
  An ogre (D:4)
  A phantom (D:6)
  2 kobold brigands
  6 bullfrogs
  2 scorpions
  2 howler monkeys (D:7)
  2 hounds
  A jelly (D:6)
  An orc priest (D:8)
  3 iguanas
  An orc wizard (D:6)
  3 mummies (Ossuary)
  3 gnolls (D:8)
  8 adders
  A white imp (D:7)
  4 adder zombies (Ossuary)
  A worm (D:4)
  9 dart slugs
  14 orcs
  7 ball pythons
  8 endoplasms
  8 giant cockroaches
  5 goblins
  10 hobgoblins
  8 jackals
  3 quokkas
  3 bats
  5 frilled lizards
  6 goblin zombies (Ossuary)
  2 hobgoblin zombies (Ossuary)
  13 kobolds
  2 kobold zombies (Ossuary)
  3 quokka zombies (Ossuary)
  5 rats
  A rat zombie (Ossuary)
187 creatures vanquished.

Notes
Turn   | Place    | Note
-------+----------+-------------------------------------------
     0 | D:1      | GigaChad the Formicid Fighter began the quest for the Orb.
     0 | D:1      | Reached XP level 1. HP: 18/18 MP: 1/1
   183 | D:1      | Reached XP level 2. HP: 23/24 MP: 2/2
   379 | D:1      | Reached XP level 3. HP: 27/29 MP: 3/3
   724 | D:1      | Identified a scroll of acquirement
   724 | D:1      | Acquired a +0 heavy battleaxe
   917 | D:2      | Identified the +0 leather armour of the Trilobite {rPois
                  | Slay+3}
  1083 | D:2      | Reached XP level 4. HP: 37/37 MP: 4/4
  1228 | D:2      | Reached skill level 3 in Axes
  1608 | D:3      | Reached XP level 5. HP: 42/42 MP: 5/5
  1622 | D:3      | Identified the +1 ring mail "Uxubb" {+Inv rF+ rN+++ Will-}
  1647 | D:3      | Found a transporter.
  1842 | D:3      | Found a transporter.
  2213 | D:3      | Found a basalt altar of Yredelemnul.
  2213 | D:3      | Found a blossoming altar of Fedhas.
  2776 | D:4      | Reached skill level 4 in Axes
  2776 | D:4      | Reached XP level 6. HP: 47/48 MP: 6/6
  2817 | D:4      | Reached skill level 5 in Shields
  2984 | D:4      | Identified the +1 robe "Qur Catt" {Will+}
  3268 | D:4      | Noticed an ogre
  3269 | D:4      | Found a burning altar of Makhleb.
  3271 | D:4      | Killed an ogre
  3302 | D:4      | Found a glowing golden altar of the Shining One.
  3318 | D:4      | Became a worshipper of the Shining One
  3369 | D:5      | Entered Level 5 of the Dungeon
  3405 | D:5      | Found a sand-covered staircase.
  3417 | Ossuary  | Entered an ossuary
  3422 | Ossuary  | Reached XP level 7. HP: 28/55 MP: 7/7
  3423 | Ossuary  | Reached skill level 5 in Axes
  3536 | Ossuary  | Reached * piety under the Shining One
  3644 | Ossuary  | Reached ** piety under the Shining One
  3859 | D:5      | Identified the +3 scale mail of Ozatoge {Str+3 Int+3}
  3923 | D:5      | Noticed Eustachio
  3943 | D:5      | Killed Eustachio
  3944 | D:5      | Reached skill level 6 in Axes
  3944 | D:5      | Reached skill level 5 in Armour
  3944 | D:5      | Reached XP level 8. HP: 24/61 MP: 8/8
  4499 | D:5      | Found Ureanoola's Magic Scroll Shop.
  4529 | D:5      | Reached skill level 5 in Fighting
  4540 | D:5      | Found a transporter.
  4550 | D:5      | Found a transporter.
  4551 | D:5      | Noticed pdpol's ghost (novice MiFi)
  4936 | D:6      | Reached skill level 7 in Axes
  5039 | D:6      | Found a staircase to the Ecumenical Temple.
  5214 | D:6      | Reached XP level 9. HP: 66/68 MP: 9/9
  5220 | D:6      | Reached skill level 8 in Axes
  5356 | D:7      | Found Mief's CLEARANCE SALE!.
  5647 | D:7      | Reached skill level 9 in Axes
  6026 | D:8      | Found a staircase to the Lair.
  6112 | D:8      | Found the +5 robe of Misfortune {Harm *Corrode *Slow EV+5}
  6116 | D:8      | Noticed a two-headed ogre
  6121 | D:8      | Killed a two-headed ogre
  6122 | D:8      | Reached skill level 10 in Axes
  6122 | D:8      | Reached XP level 10. HP: 65/77 MP: 10/10
  6732 | Lair:1   | Entered Level 1 of the Lair of Beasts
  6758 | Lair:1   | Noticed a komodo dragon
  6764 | Lair:1   | Killed a komodo dragon
  6816 | Lair:1   | Reached skill level 11 in Axes
  6816 | Lair:1   | Reached *** piety under the Shining One
  7150 | Lair:1   | Noticed a rime drake
  7156 | Lair:1   | Killed a rime drake
  7368 | Lair:1   | Noticed a rime drake
  7374 | Lair:1   | Killed a rime drake
  7580 | Lair:1   | Noticed a cane toad
  7581 | Lair:1   | Noticed a rime drake
  7585 | Lair:1   | Reached XP level 11. HP: 72/84 MP: 11/11
  7590 | Lair:1   | Slain by a cane toad

Illustrated notes

Levels and vault maps discovered:
D:1:      dpeg_chamrin_arrival_tetris, layout_basic
D:2:      layout_basic, minmay_misc_feat_more_columns
D:3:      gammafunk_steamed_eel, layout_loops_ring,
          gammafunk_temple_overflow_statue, minmay_vboxes
D:4:      layout_basic, mainiacjoe_overflow_two_lobes, grunt_ministairs_7,
          minmay_misc_feat_iff
D:5:      layout_loops_cross, serial_shops, nicolae_shop_rolled_up,
          nicolae_ossuary_entry_plus, gammafunk_ghost_smash, nrook_uturn,
          uniq_eustachio
D:6:      layout_basic, minmay_temple_entry_junction
D:7:      layout_basic, nicolae_shop_clearance
D:8:      wander_river, layout_loops_ring, lair_entry_dummy
Lair:1:   layout_cave_pods, portal_ice_cave_entry_pillars_1

Skill      XL: |  1  2  3  4  5  6  7  8  9 10 |
---------------+-------------------------------+-----
Axes           | 3 4 6 7 10 11 | 11.7
Fighting       | 4 5 6 7 |  7.3
Armour         | 4 5 7 8 |  8.2
Shields        | 5 6 7 8 |  8.1

Action                     |  1- 3 |  4- 6 |  7- 9 | 10-12 || total
---------------------------+-------+-------+-------+-------++-------
  Melee: War axe           |    61 |       |       |       ||    61
         Battleaxe         |    18 |   135 |   105 |    63 ||   321
Ability: Dig               |       |       |     3 |       ||     3
    Use: Scroll            |     3 |     1 |     3 |       ||     7
         Potion            |       |       |       |     1 ||     1
 Armour: Plate armour      |    60 |   120 |    97 |    43 ||   320
  Dodge: Dodged            |    29 |    66 |    38 |    32 ||   165
  Block: Buckler           |    27 |    48 |    35 |    30 ||   140
